AoeStats
← Joaking

Golden Pit

507853881Analyzed
1v1 RM · 13d ago on Sep 19, 2026· 43m 31s· 2 players
Game mode
Random Map
Map size
Tiny (2 player)
Population
200
Speed
Normal
Resources
Standard
Victory
Conquest
Starting age
Dark Age
Ending age
Imperial Age
RankedLock teamsTeams togetherTeam positionsShared explorationLock speedFull tech treeHidden civsTurbo modeCheats
Victory
Defeat
🇨🇱 Saracens · Chile
1069
+15
🇧🇷 Lithuanians · Brazil
1050
-15
Fat_Astronaut
6:43 Loom
6:50 Loom
9:29 Feudal Age
14:49 Double-Bit Axe
20:24 Castle Age
21:05 Fletching
20:37 Crossbowman
21:37 Padded Archer Armor
22:30 Bodkin Arrow
23:37 Scale Mail Armor
24:43 Pikeman
30:36 Forging
31:50 Wheelbarrow
31:16 Gold Mining
31:22 Horse Collar
32:51 Scale Barding Armor
33:56 Bloodlines
37:40 Iron Casting
40:53 Imperial Age
43:57 Chain Mail Armor
Joaking
2:43 Loom
12:07 Feudal Age
19:57 Castle Age
19:58 Scale Barding Armor
20:09 Double-Bit Axe
21:47 Gold Mining
24:41 Forging
25:45 Bloodlines
30:55 Chain Barding Armor
31:43 Wheelbarrow
33:19 Hand Cart
37:15 Imperial Age
36:44 Town Watch
38:02 Iron Casting
37:18 Elite Mameluke
39:16 Plate Barding Armor
38:59 Fletching
40:25 Bodkin Arrow
40:54 Ballistics
40:38 Town Patrol
44:05 Chemistry
43:17 Fortified Wall
44:01 Bracer
Connection lost

Rejoining the realm…

Still unreachable

The connection could not be restored.

Session expired

The server has moved on; the page needs a fresh start.